 Dungeon Crawl Stone Soup version 0.32-a0-711-g016ad743e0 (webtiles) character file.

Game seed: 9515401159040197337

1311 Newt the Skirmisher (level 8, -5/52 HPs)
             Began as a Kobold Hunter on Mar 15, 2024.
             Slain by Pikel
             ... wielding a +1 whip of electrocution
              (16 damage)
             ... on level 6 of the Dungeon.
             The game lasted 00:04:57 (6403 turns).

Newt the Skirmisher (Kobold Hunter)                 Turns: 6403, Time: 00:04:59

Health: -5/52      AC:  7    Str:  8    XL:     8   Next: 89%
Magic:  8/8        EV: 14    Int: 11    God:
Gold:   285        SH:  0    Dex: 20    Spells: 7/7 levels left

rFire   . . .        a - +0 shortbow
rCold   . . .        (shield currently unavailable)
rNeg    . . .        c - +0 leather armour
rPois   +            m - +1 helmet
rElec   .            v - +0 cloak
rCorr   .            w - +0 pair of gloves
SInv    .            (no boots)
Will    .....        (no amulet)
Stlth   +++          o - ring of poison resistance
HPRegen 0.28/turn    (no ring)
MPRegen 0.11/turn

%: no passive effects
@: no status effects
A: small, no large weapons, nightstalker 3, claws 1, sturdy frame 1
a: no special abilities


You were on level 6 of the Dungeon.
You visited 1 branch of the dungeon, and saw 6 of its levels.

You collected 285 gold pieces.

Inventory:

Hand Weapons
 a - a +0 shortbow (weapon)
 d - a +0 orcbow
Armour
 c - a +0 leather armour (worn)
 m - a +1 helmet (worn)
 v - a +0 cloak (worn)
 w - a +0 pair of gloves (worn)
Jewellery
 o - a ring of poison resistance (left hand)
Scrolls
 b - a scroll of enchant weapon
 e - a scroll of torment
 g - a scroll of amnesia
 i - 2 scrolls of teleportation
 j - a scroll of poison
 l - a scroll of blinking
 q - a scroll of revelation
 t - a scroll of silence {unknown}
 u - a scroll of vulnerability {unknown}
Potions
 f - 2 potions of mutation
 h - 2 potions of cancellation {unknown}
 k - 2 potions of might {unknown}
 n - a potion of heal wounds {unknown}
 p - 2 potions of attraction
 r - a potion of enlightenment {unknown}


   Skills:
 + Level 6.8 Fighting
 * Level 11.9 Ranged Weapons
 - Level 2.4 Dodging
 - Level 1.3 Stealth


You had 7 spell levels left.
You didn't know any spells.
Your spell library contained the following spells:

 Spells                   Type           Power      Damage    Failure   Level
 Freeze                   Ice            0%         1d3       36%         1
 Magic Dart               Conj           0%         1d3       36%         1
 Summon Small Mammal      Summ           0%         N/A       36%         1
 Searing Ray              Conj           0%         2d4       50%         2
 Call Canine Familiar     Summ           0%         N/A       75%         3
 Frozen Ramparts          Ice            0%         1d1       75%         3
 Hailstorm                Conj/Ice       0%         3d5       75%         3
 Fulminant Prism          Conj/Alch      0%         3d5       98%         4
 Summon Blazeheart Golem  Fire/Summ      0%         N/A       98%         4


Dungeon Overview and Level Annotations

Branches:
Dungeon (6/15)
 Temple: D:4-7

Altars:
Kikubaaqudgha
Nemelex Xobeh

Annotations:
D:6 Pikel


Innate Abilities, Weirdness & Mutations

You are small and have problems with some larger weapons.
You are completely attuned to the shadows.
You have sharp fingernails.
Your movements are slightly less encumbered by armour. (ER -2)


Message History

That felt strangely unrewarding.
You shoot an arrow. The arrow hits the lemure.
The lemure is lightly wounded.
The lemure barely misses you.
You shoot an arrow. The arrow barely misses the lemure.
The arrow hits Pikel but does no damage.
Pikel is heavily wounded.
The lemure hits you.
You shoot an arrow.
The arrow hits the lemure but does no damage.
The lemure is lightly wounded.
The lemure hits you but does no damage.
You shoot an arrow. The arrow hits the lemure!
The lemure is moderately wounded.
You shoot an arrow. The arrow hits the lemure!
The lemure is severely wounded.
The lemure hits you.
You shoot an arrow. The arrow closely misses the lemure.
The arrow closely misses Pikel.
The lemure hits you.
You shoot an arrow. The arrow hits the lemure!
You kill the lemure!
That felt strangely unrewarding.
You shoot an arrow. The arrow hits Pikel.
Pikel is heavily wounded.
Pikel hits you with a +1 whip of electrocution.
You shoot an arrow. The arrow closely misses Pikel.
Pikel hits you with a +1 whip of electrocution.
You are electrocuted!!
* * * LOW HITPOINT WARNING * * *
You shoot an arrow. The arrow hits Pikel.
Pikel is severely wounded.
You shoot an arrow. The arrow closely misses Pikel.
Pikel misses you.
You shoot an arrow. The arrow barely misses Pikel.
Pikel closely misses you.
You shoot an arrow. The arrow hits Pikel!
Pikel is almost dead.
Pikel hits you with a +1 whip of electrocution.
* * * LOW HITPOINT WARNING * * *
You are electrocuted!
You die...
Pikel says, "See you in Hell!"

........ .###..
........ .....)
.....$. .### ......
#....##...###.......
#....##...........)
##.................
#...............).
#K####............
#@# ###..........
#..# ###..........
....# #...........#
....## #...###......
.### ########.....
#....... ######## #


You could see Pikel.

Vanquished Creatures
  A steam dragon (D:6)
  An ice beast (D:5)
  A sky beast (D:6)
  4 lemures (D:6)
  A centaur (D:4)
  A scorpion (D:5)
  6 wights (D:6)
  A howler monkey (D:6)
  2 bombardier beetles (D:3)
  An orc priest (D:4)
  2 sleepcaps (D:6)
  A hound (D:6)
  4 iguanas
  Robin (D:4)
  7 gnolls
  4 adders
  A white imp (D:5)
  3 dart slugs
  A ribbon worm (D:3)
  10 orcs
  9 ball pythons
  4 bats
  9 endoplasms
  A giant cockroach (D:1)
  19 goblins
  5 hobgoblins
  3 jackals (D:5)
  4 quokkas
  2 frilled lizards
  3 kobolds
  5 rats
117 creatures vanquished.

Vanquished Creatures (others)
  A human (D:5)
1 creature vanquished.

Grand Total: 118 creatures vanquished

Notes
Turn   | Place    | Note
-------+----------+-------------------------------------------
     0 | D:1      | Newt the Kobold Hunter began the quest for the Orb.
     0 | D:1      | Reached XP level 1. HP: 12/12 MP: 1/1
   290 | D:1      | Reached XP level 2. HP: 18/18 MP: 2/2
   521 | D:1      | Reached skill level 6 in Ranged Weapons
   746 | D:2      | Reached XP level 3. HP: 19/22 MP: 3/3
  1068 | D:2      | Found a faded altar of an unknown god.
  1688 | D:3      | Reached XP level 4. HP: 28/28 MP: 4/4
  1792 | D:3      | Reached skill level 7 in Ranged Weapons
  1950 | D:3      | Gained mutation: You have hidden genetic potential. [potion
                  | of mutation]
  2050 | D:3      | Reached XP level 5. HP: 14/32 MP: 5/5
  2516 | D:4      | Gained mutation: Your movements are slightly less
                  | encumbered by armour. (ER -2) [hidden potential]
  2546 | D:4      | Reached XP level 6. HP: 35/38 MP: 6/6
  2548 | D:4      | Reached skill level 8 in Ranged Weapons
  2627 | D:4      | HP: 1/38 [centaur/arrow (6)]
  2867 | D:4      | Found a sparkling altar of Nemelex Xobeh.
  2967 | D:4      | Identified the +3 whip of Honour {vamp, rElec Int+2}
  2994 | D:4      | Gained mutation: You have sharp fingernails. [hidden
                  | potential]
  2994 | D:4      | Lost mutation: You have hidden genetic potential. [hidden
                  | potential expressed]
  3308 | D:4      | Noticed Robin
  3319 | D:4      | Killed Robin
  3376 | D:4      | Reached skill level 9 in Ranged Weapons
  3376 | D:4      | Reached XP level 7. HP: 29/44 MP: 7/7
  3858 | D:5      | Entered Level 5 of the Dungeon
  3976 | D:5      | Reached skill level 5 in Fighting
  4194 | D:5      | Found an ancient bone altar of Kikubaaqudgha.
  4196 | D:5      | Noticed a human
  4199 | D:5      | Killed a human
  4676 | D:5      | Reached skill level 10 in Ranged Weapons
  5059 | D:6      | Reached XP level 8. HP: 50/50 MP: 8/8
  5336 | D:6      | Reached skill level 11 in Ranged Weapons
  6375 | D:6      | Noticed Pikel
  6403 | D:6      | Slain by Pikel

Illustrated notes

Levels and vault maps discovered:
D:1:      onia_arrival_pyramid, layout_loops_ring
D:2:      layout_basic, ebering_ecumenical_altar_petrified, st_stairs_8,
          chequers_serial_rivers_marsh
D:3:      layout_loops_ring
D:4:      layout_basic, nemelex_altar_shiori, uniq_robin
D:5:      layout_loops_ring, tgw_kikubaaqudgha
D:6:      layout_layer_cave, uniq_maggie, uniq_pikel

Skill      XL: |  1  2  3  4  5  6  7  8 |
---------------+-------------------------+-----
Ranged Weapons | 6 7 9 10 11 | 11.9
Fighting       | 3 4 5 6 |  6.8
Dodging        | |  2.4
Stealth        | |  1.3

Action                     |  1- 3 |  4- 6 |  7- 9 || total
---------------------------+-------+-------+-------++-------
   Fire: Shortbow          |    69 |   119 |    29 ||   217
         Orcbow            |       |    43 |   194 ||   237
    Use: Potion            |       |     5 |       ||     5
         Scroll            |       |     6 |     2 ||     8
 Armour: Leather armour    |    11 |    37 |    78 ||   126
  Dodge: Dodged            |    17 |    56 |    67 ||   140

Table legend: (Time is in decaauts)
 A = Elapsed time spent in this place.
 B = Non-inter-level travel time spent in this place.
 C = Inter-level travel time spent in this place.
 D = Time resting spent in this place.
 E = Time spent auto-exploring this place.
 F = Levels seen in this place.
 G = Mean time per level.
                   A        B        C        D        E       F      G
               +--------+--------+--------+--------+--------+-----+--------+
         Total |   6416 |   6252 |    164 |   1405 |   4105 |   6 | 1069.3 |
       Dungeon |   6416 |   6252 |    164 |   1405 |   4105 |   6 | 1069.3 |
               +--------+--------+--------+--------+--------+-----+--------+

Top non-repeatable levels by time:
     D:6: 1469 daAuts
     D:4: 1392 daAuts
     D:5: 1066 daAuts
     D:3: 983 daAuts
     D:2: 808 daAuts
     D:1: 696 daAuts
